| TOP OF THE 1ST |
|
San Antonio Missions batting - Pitching for Biloxi Shuckers : LHP Sam Glaser
|
|
Pitching: LHP Sam Glaser
|
|
|
Batting: RHB Caleb Russell
|
0-0: Ball 1-0: Called Strike 1-1: Foul Ball, location: 2F 1-2: Ball 2-2: Ball 3-2: Foul Ball, location: 2F 3-2: Ground out 6-3 (Groundball, 6, EV 103.8 MPH)
|
|
Batting: LHB Chad Cutler
|
0-0: Swinging Strike 0-1: Ground out 6-3 (Groundball, 6M, EV 81.9 MPH)
|
|
Batting: RHB Eric Sandell
|
0-0: Called Strike 0-1: Called Strike 0-2: SINGLE (Groundball, 4M, EV 111.2 MPH)
|
|
Batting: RHB Jesse White
|
0-0: Ball 1-0: Ball 2-0: Called Strike 2-1: Ball 3-1: Fly out, F9 (Flyball, 89S, EV 86.9 MPH)
|
| Top of the 1st over - 0 runs, 1 hit, 0 errors, 1 left on base; San Antonio 0 - Biloxi 0 |
| BOTTOM OF THE 1ST |
|
Biloxi Shuckers batting - Pitching for San Antonio Missions : LHP Jeff Troxel
|
|
Pitching: LHP Jeff Troxel
|
|
|
Batting: SHB Aaron Neill
|
0-0: Ground out 5-3 (Groundball, 56, EV 100.6 MPH)
|
|
Batting: LHB Jason Raker
|
0-0: SINGLE (Groundball, 56D, EV 95.0 MPH)
|
|
Batting: RHB Jerry Sanchez
|
0-0: DOUBLE (Line Drive, 89D, EV 106.9 MPH) Jason Raker to third
|
|
Batting: SHB Nick Chandler
|
0-0: Foul Ball, location: 2F 0-1: Ball Wild Pitch! Jason Raker scores Jerry Sanchez to third 1-1: Called Strike 1-2: Ball 2-2: Ball 3-2: Foul Ball, location: 2F 3-2: Foul Ball, location: 2F 3-2: Foul Ball, location: 2F 3-2: Ground out 5-3 (Groundball, 5, EV 107.5 MPH)
|
|
Batting: LHB Adam Hill
|
0-0: Ball 1-0: Ball 2-0: Ball 3-0: Called Strike 3-1: Foul Ball, location: 2F 3-2: Foul Ball, location: 2F 3-2: Base on Balls
|
|
Batting: SHB Justin Hensley
|
0-0: Ball 1-0: Ball 2-0: Foul Ball, location: 2F 2-1: Ball 3-1: Foul Ball, location: 2F 3-2: SINGLE (Groundball, 6MD, EV 100.6 MPH) Jerry Sanchez scores Adam Hill to second Adam Hill to third
|
|
Batting: RHB Brian Landrum
|
0-0: Ball 1-0: Foul Ball, location: 2F 1-1: Ball 2-1: Fly out, F6 (Line Drive, 56, EV 71.9 MPH)
|
| Bottom of the 1st over - 2 runs, 3 hits, 0 errors, 2 left on base; San Antonio 0 - Biloxi 2 |
| TOP OF THE 2ND |
|
San Antonio Missions batting - Pitching for Biloxi Shuckers : LHP Sam Glaser
|
|
Batting: RHB Chase Briney
|
0-0: Called Strike 0-1: Fly out, F9 (Flyball, 9, EV 92.5 MPH)
|
|
Batting: RHB Andres Valles
|
0-0: Foul Ball, location: 2F 0-1: Ball 1-1: Fly out, F3 (Popup, 34, EV 79.4 MPH)
|
|
Batting: RHB Travis Carter
|
0-0: Called Strike 0-1: Ground out 1-3 (Groundball, 34S, EV 73.8 MPH)
|
| Top of the 2nd over - 0 runs, 0 hits, 0 errors, 0 left on base; San Antonio 0 - Biloxi 2 |
| BOTTOM OF THE 2ND |
|
Biloxi Shuckers batting - Pitching for San Antonio Missions : LHP Jeff Troxel
|
|
Batting: RHB Leo Serrano
|
0-0: Ground out 6-3 (Groundball, 6, EV 85.6 MPH)
|
|
Batting: LHB Karel Hort
|
0-0: Called Strike 0-1: Ball 1-1: Ball 2-1: SOLO HOME RUN (Flyball, 9D, EV 96.2 MPH), Distance : 392 ft
|
|
Batting: SHB Aaron Neill
|
0-0: Ball 1-0: Ball 2-0: Ground out 4-3 (Groundball, 4, EV 81.2 MPH)
|
|
Batting: LHB Jason Raker
|
0-0: Ball 1-0: Called Strike 1-1: Ball 2-1: Foul Ball, location: 2F 2-2: Ball 3-2: Base on Balls
|
|
Batting: RHB Jerry Sanchez
|
0-0: Ball 1-0: Called Strike 1-1: Swinging Strike 1-2: Foul Ball, location: 2F 1-2: DOUBLE (Groundball, 5L, EV 104.4 MPH) Jason Raker to third Runner from 3rd tries for Home, SAFE, throw by LF to home
|
|
Batting: SHB Nick Chandler
|
0-0: Foul Ball, location: 2F 0-1: Foul Ball, location: 2F 0-2: Foul Ball, location: 2F 0-2: Strikes out swinging
|
| Bottom of the 2nd over - 2 runs, 2 hits, 0 errors, 1 left on base; San Antonio 0 - Biloxi 4 |
| TOP OF THE 3RD |
|
San Antonio Missions batting - Pitching for Biloxi Shuckers : LHP Sam Glaser
|
|
Batting: RHB Bryan Pitcher
|
0-0: Ball 1-0: Called Strike 1-1: Swinging Strike 1-2: Foul Ball, location: 2F 1-2: Foul Ball, location: 2F 1-2: Ball 2-2: Ball 3-2: Foul Ball, location: 2F 3-2: Foul Ball, location: 2F 3-2: Strikes out looking
|
|
Batting: RHB Mike MacLeod
|
0-0: Ball 1-0: Called Strike 1-1: Swinging Strike 1-2: Ball 2-2: Strikes out swinging
|
|
Batting: RHB Caleb Russell
|
0-0: Called Strike 0-1: Foul Ball, location: 2F 0-2: Ball 1-2: Ball 2-2: Foul Ball, location: 2F 2-2: Ground out 5-3 (Groundball, 56S, EV 89.4 MPH)
|
| Top of the 3rd over - 0 runs, 0 hits, 0 errors, 0 left on base; San Antonio 0 - Biloxi 4 |
| BOTTOM OF THE 3RD |
|
Biloxi Shuckers batting - Pitching for San Antonio Missions : LHP Jeff Troxel
|
|
Batting: LHB Adam Hill
|
0-0: Ball 1-0: Ball 2-0: Ground out 6-3 (Groundball, 6, EV 96.9 MPH)
|
|
Batting: SHB Justin Hensley
|
0-0: Called Strike 0-1: Ball 1-1: Ball 2-1: Ground out 6-3 (Groundball, 6, EV 79.4 MPH)
|
|
Batting: RHB Brian Landrum
|
0-0: Ball 1-0: SINGLE (Groundball, 6MD, EV 106.9 MPH)
|
|
Batting: RHB Leo Serrano
|
0-0: Called Strike 0-1: Ball 1-1: Called Strike Brian Landrum is caught stealing 2nd base 2-4
|
| Bottom of the 3rd over - 0 runs, 1 hit, 0 errors, 0 left on base; San Antonio 0 - Biloxi 4 |
| TOP OF THE 4TH |
|
San Antonio Missions batting - Pitching for Biloxi Shuckers : LHP Sam Glaser
|
|
Batting: LHB Chad Cutler
|
0-0: Ball 1-0: Ball 2-0: Called Strike 2-1: Foul Ball, location: 2F 2-2: Ball 3-2: Base on Balls
|
|
Batting: RHB Eric Sandell
|
0-0: Ball Chad Cutler is caught stealing 2nd base 2-4 1-0: Called Strike 1-1: SINGLE (Line Drive, 34D, EV 97.5 MPH)
|
|
Batting: RHB Jesse White
|
0-0: Swinging Strike 0-1: Foul Ball, location: 2F 0-2: SINGLE (Groundball, 6MD, EV 105.6 MPH) Eric Sandell to second
|
|
Batting: RHB Chase Briney
|
0-0: SINGLE (Groundball, 56D, EV 101.2 MPH) Eric Sandell to third Jesse White to second
|
|
Batting: RHB Andres Valles
|
0-0: Ball 1-0: Ball 2-0: Called Strike 2-1: Foul Ball, location: 2F 2-2: Grounds into fielders choice 4-2 (Groundball, 34, EV 80.6 MPH) Jesse White to third Chase Briney to second
|
|
Batting: RHB Travis Carter
|
0-0: Called Strike 0-1: Ball 1-1: Swinging Strike 1-2: Ball Wild Pitch! Jesse White scores Chase Briney to third Andres Valles to second 2-2: Foul Ball, location: 2F 2-2: Ball 3-2: Fly out, F8 (Flyball, 8RXD, EV 103.1 MPH)
|
| Top of the 4th over - 1 run, 3 hits, 0 errors, 2 left on base; San Antonio 1 - Biloxi 4 |
| BOTTOM OF THE 4TH |
|
Biloxi Shuckers batting - Pitching for San Antonio Missions : LHP Jeff Troxel
|
|
Batting: RHB Leo Serrano
|
0-0: Called Strike 0-1: Ball 1-1: Ball 2-1: Ball 3-1: Base on Balls
|
|
Batting: LHB Karel Hort
|
0-0: Ball Leo Serrano is caught stealing 2nd base 2-6 1-0: Fly out, F5 (Popup, 15, EV 85.0 MPH)
|
|
Batting: SHB Aaron Neill
|
0-0: Foul Ball, location: 2F 0-1: Ball 1-1: Ground out 5-3 (Groundball, 56, EV 105.0 MPH)
|
| Bottom of the 4th over - 0 runs, 0 hits, 0 errors, 0 left on base; San Antonio 1 - Biloxi 4 |
| TOP OF THE 5TH |
|
San Antonio Missions batting - Pitching for Biloxi Shuckers : LHP Sam Glaser
|
|
Batting: RHB Bryan Pitcher
|
0-0: Ball 1-0: Foul Ball, location: 2F 1-1: Called Strike 1-2: Ground out U3 (Groundball, 34S, EV 72.5 MPH)
|
|
Batting: RHB Mike MacLeod
|
0-0: Foul Ball, location: 2F 0-1: Foul Ball, location: 2F 0-2: Foul Ball, location: 2F 0-2: Ground out 6-3 (Groundball, 6, EV 86.2 MPH)
|
|
Batting: RHB Caleb Russell
|
0-0: Called Strike 0-1: Swinging Strike 0-2: Ball 1-2: Ball 2-2: Strikes out swinging
|
| Top of the 5th over - 0 runs, 0 hits, 0 errors, 0 left on base; San Antonio 1 - Biloxi 4 |
| BOTTOM OF THE 5TH |
|
Biloxi Shuckers batting - Pitching for San Antonio Missions : LHP Jeff Troxel
|
|
Batting: LHB Jason Raker
|
0-0: Ball 1-0: Called Strike 1-1: Ball 2-1: Ball 3-1: Base on Balls
|
|
Batting: RHB Jerry Sanchez
|
0-0: Fly out, F9 (Flyball, 9, EV 85.0 MPH)
|
|
Batting: SHB Nick Chandler
|
0-0: Grounds into double play, 3-6-1 (Groundball, 3, EV 108.8 MPH)
|
| Bottom of the 5th over - 0 runs, 0 hits, 0 errors, 0 left on base; San Antonio 1 - Biloxi 4 |
| TOP OF THE 6TH |
|
San Antonio Missions batting - Pitching for Biloxi Shuckers : LHP Sam Glaser
|
|
Batting: LHB Chad Cutler
|
0-0: Ground out 6-3 (Groundball, 6S, EV 55.6 MPH)
|
|
Batting: RHB Eric Sandell
|
0-0: Ball 1-0: Ball 2-0: Ball 3-0: Called Strike 3-1: Foul Ball, location: 2F 3-2: Ground out 3-1 (Groundball, 34, EV 100.6 MPH)
|
|
Pitching: RHP Josh Pelletier
|
|
|
Batting: RHB Jesse White
|
0-0: Ground out 6-3 (Groundball, 6S, EV 80.0 MPH)
|
| Top of the 6th over - 0 runs, 0 hits, 0 errors, 0 left on base; San Antonio 1 - Biloxi 4 |
| BOTTOM OF THE 6TH |
|
Biloxi Shuckers batting - Pitching for San Antonio Missions : LHP Jeff Troxel
|
|
Batting: LHB Adam Hill
|
0-0: Fly out, F8 (Line Drive, 78M, EV 95.0 MPH)
|
|
Batting: SHB Justin Hensley
|
0-0: Called Strike 0-1: Foul Ball, location: 2F 0-2: Strikes out swinging
|
|
Batting: RHB Brian Landrum
|
0-0: Ball 1-0: Fly out, F8 (Flyball, 89D, EV 88.1 MPH)
|
| Bottom of the 6th over - 0 runs, 0 hits, 0 errors, 0 left on base; San Antonio 1 - Biloxi 4 |
| TOP OF THE 7TH |
|
San Antonio Missions batting - Pitching for Biloxi Shuckers : RHP Josh Pelletier
|
|
Batting: RHB Chase Briney
|
0-0: Called Strike 0-1: Ball 1-1: Swinging Strike 1-2: Fly out, F9 (Line Drive, 9S, EV 89.4 MPH)
|
|
Batting: RHB Andres Valles
|
0-0: Foul Ball, location: 2F 0-1: Ball 1-1: Ball 2-1: Called Strike 2-2: Foul Ball, location: 2F 2-2: Strikes out swinging
|
|
Batting: RHB Travis Carter
|
0-0: Ball 1-0: Foul Ball, location: 2F 1-1: Fly out, F8 (Flyball, 8RD, EV 101.2 MPH)
|
| Top of the 7th over - 0 runs, 0 hits, 0 errors, 0 left on base; San Antonio 1 - Biloxi 4 |
| BOTTOM OF THE 7TH |
|
Biloxi Shuckers batting - Pitching for San Antonio Missions : LHP Jeff Troxel
|
|
Batting: RHB Leo Serrano
|
0-0: Called Strike 0-1: Ball 1-1: Ground out 5-3 (Groundball, 5L, EV 107.5 MPH)
|
|
Batting: LHB Karel Hort
|
0-0: Ball 1-0: Called Strike 1-1: DOUBLE (Line Drive, 7LS, EV 94.4 MPH)
|
|
Batting: SHB Aaron Neill
|
0-0: Foul Ball, location: 2F 0-1: Ball 1-1: Ball 2-1: Foul Ball, location: 2F 2-2: SINGLE (Groundball, 56S, EV 67.5 MPH) (infield hit) Karel Hort to third
|
|
Batting: LHB Jason Raker
|
0-0: Ball Aaron Neill is caught stealing 2nd base 2-6 1-0: Ground out 5-3 (Groundball, 56, EV 79.4 MPH)
|
| Bottom of the 7th over - 0 runs, 2 hits, 0 errors, 1 left on base; San Antonio 1 - Biloxi 4 |
| TOP OF THE 8TH |
|
San Antonio Missions batting - Pitching for Biloxi Shuckers : RHP Josh Pelletier
|
|
Batting: RHB Bryan Pitcher
|
0-0: Ball 1-0: SINGLE (Groundball, 6M, EV 83.8 MPH) (infield hit)
|
|
Pinch Hitting: LHB Pat Aviles
|
|
|
Pitching: LHP Billy Rojas
|
0-0: Called Strike 0-1: Swinging Strike 0-2: Strikes out swinging
|
|
Batting: RHB Caleb Russell
|
0-0: Swinging Strike 0-1: Called Strike Pickoff Throw by Catcher to First - Error! E2 Bryan Pitcher to second 0-2: Ball 1-2: Fly out, F9 (Flyball, 9, EV 86.9 MPH)
|
|
Pinch Hitting: RHB Kory Sanchez
|
0-0: Called Strike 0-1: SINGLE (Groundball, 6M, EV 101.9 MPH) (infield hit) Bryan Pitcher to third
|
|
Batting: RHB Eric Sandell
|
0-0: Called Strike 0-1: Foul Ball, location: 2F 0-2: Strikes out looking
|
| Top of the 8th over - 0 runs, 2 hits, 1 error, 2 left on base; San Antonio 1 - Biloxi 4 |
| BOTTOM OF THE 8TH |
|
Biloxi Shuckers batting - Pitching for San Antonio Missions : LHP Jeff Troxel
|
|
Now at 3B: Jorge Brito
|
|
|
Now in CF: Pat Aviles
|
|
|
Batting: RHB Jerry Sanchez
|
0-0: Called Strike 0-1: Ball 1-1: Called Strike 1-2: Ground out 4-3 (Groundball, 34, EV 78.1 MPH)
|
|
Batting: SHB Nick Chandler
|
0-0: Called Strike 0-1: Ball 1-1: Ball 2-1: Ball 3-1: Base on Balls
|
|
Pitching: RHP Adrian de la Cerda
|
|
|
Batting: LHB Adam Hill
|
0-0: Called Strike 0-1: Ball 1-1: DOUBLE (Flyball, 89D, EV 99.4 MPH) Nick Chandler to third
|
|
Batting: SHB Justin Hensley
|
0-0: Fly out, F5 (Popup, 5SF, EV 84.4 MPH)
|
|
Batting: RHB Brian Landrum
|
0-0: Foul Ball, location: 7LSF, Error on foul ball, E7 0-1: Foul Ball, location: 2F 0-2: Ball 1-2: Strikes out looking
|
| Bottom of the 8th over - 0 runs, 1 hit, 1 error, 2 left on base; San Antonio 1 - Biloxi 4 |
| TOP OF THE 9TH |
|
San Antonio Missions batting - Pitching for Biloxi Shuckers : LHP Billy Rojas
|
|
Pitching: RHP Elijah Seabrooks
|
|
|
Batting: RHB Jesse White
|
0-0: Swinging Strike 0-1: Called Strike 0-2: Ball 1-2: Strikes out swinging
|
|
Batting: RHB Chase Briney
|
0-0: Foul Ball, location: 2F 0-1: SINGLE (Flyball, 3D, EV 93.1 MPH)
|
|
Batting: RHB Andres Valles
|
0-0: Called Strike 0-1: Called Strike 0-2: Strikes out swinging
|
|
Pinch Hitting: SHB Isaiah Scates
|
0-0: SINGLE (Groundball, 56, EV 101.2 MPH) (infield hit) Chase Briney to second
|
|
Batting: RHB Bryan Pitcher
|
0-0: Called Strike 0-1: Called Strike 0-2: Ball 1-2: Ball 2-2: Strikes out swinging
|
| Top of the 9th over - 0 runs, 2 hits, 0 errors, 2 left on base; San Antonio 1 - Biloxi 4 |
|